 Dungeon Crawl Stone Soup version 0.31-a0-185-g9dded2c639 (webtiles) character file.

Game seed: 17157462921716251292

665 qw the Skirmisher (level 7, -1/40 HPs)
             Began as a Deep Elf Hunter on June 22, 2023.
             Slain by a lemure (6 damage)
             ... led by Pikel
             ... on level 5 of the Dungeon.
             The game lasted 00:01:33 (4448 turns).

qw the Skirmisher (Deep Elf Hunter)                 Turns: 4448, Time: 00:01:34

Health: -1/40      AC:  8    Str: 10    XL:     7   Next: 31%
Magic:  9/9        EV: 10    Int: 14    God:
Gold:   188        SH:  0    Dex: 18    Spells: 6/6 levels left

rFire   . . .        Y - +0 shortbow
rCold   . . .        (shield currently unavailable)
rNeg    + . .        f - +1 scale mail {rN+}
rPois   .            h - +0 helmet
rElec   .            (no cloak)
rCorr   .            (no gloves)
SInv    .            (no boots)
Will    .....        (no amulet)
Stlth   +            l - +4 ring of slaying {mikee}
HPRegen 0.26/turn    (no ring)
MPRegen 0.11/turn

%: no passive effects
@: about to teleport
A: no striking features
a: no special abilities


You were on level 5 of the Dungeon.
You visited 1 branch of the dungeon, and saw 5 of its levels.

You collected 208 gold pieces.
You spent 20 gold pieces at shops.


   Skills:
 - Level 2.2 Fighting
 + Level 10.6 Ranged Weapons
 - Level 1.4 Armour
 - Level 3.7 Dodging
 - Level 1.2 Stealth


You had 6 spell levels left.
You didn't know any spells.
Your spell library was empty.

Inventory:

Hand Weapons
 Y - a +0 shortbow (weapon)
Armour
 f - a +1 scale mail of positive energy (worn)
 h - a +0 helmet (worn)
Jewellery
 l - a +4 ring of slaying (left hand) {mikee}
Scrolls
 a - 4 scrolls of identify
Potions
 d - a potion of might
 e - 2 potions of cancellation
 k - a potion of resistance

Dungeon Overview and Level Annotations

Branches:
Dungeon (5/15)
 Temple: D:4-7

Altars:

Shops:
D:3 [*

Annotations:
D:1 1 transporter
D:3 2 transporters
D:5 Pikel


Message History

That felt strangely unrewarding.
The hound bites you but does no damage. The adder closely misses you.
The hound closely misses you.
You shoot an arrow. The arrow hits the adder.
The adder is heavily wounded.
The adder bites you but does no damage. The hound closely misses you.
The adder closely misses you. The hound bites you but does no damage.
You shoot an arrow. The arrow misses the adder.
The hound bites you but does no damage. The adder bites you but does no damage.
Pikel hits you but does no damage. The hound bites you.
You shoot an arrow. The arrow barely misses the adder.
The adder completely misses you. The hound misses you.
Pikel hits you with a +2 whip of flaming.
Pikel burns you. The adder bites you.
You shoot an arrow. The arrow closely misses the adder.
The hound barely misses you. The adder bites you but does no damage.
Pikel hits you with a +2 whip of flaming.
Pikel burns you. The hound misses you.
You shoot an arrow. The arrow hits the adder!
You kill the adder!
The hound barely misses you. Pikel hits you but does no damage.
The hound bites you but does no damage.
You shoot an arrow. The arrow hits Pikel.
Pikel is heavily wounded.
The hound bites you. Pikel hits you but does no damage.
The lemure barely misses you.
You shoot an arrow. The arrow hits Pikel.
Pikel is heavily wounded.
The hound closely misses you.
Pikel drinks a potion.
Pikel is healed!
The lemure hits you. The hound closely misses you.
You shoot an arrow. The arrow misses Pikel.
The hound closely misses you. Pikel hits you but does no damage.
The lemure hits you. The hound bites you.
Pikel hits you with a +2 whip of flaming.
Pikel burns you. The lemure hits you but does no damage.
4448 ||| READING scroll of teleportation.
As you read the scroll of teleportation, it crumbles to dust.
You feel strangely unstable. The hound barely misses you. The lemure hits you.
You die...

#### #. .... #.
.....#. .....#.
. ..... ... ..5
.....#5##### .##
#....K@.#.. ..#
#....h#.#.# ..#
#.....#.#.# ..#
.......#.#.##..#
###....#.#.#...#
####.#.#.#...#
#.#.#.#<..#
#.#.......#
###.....#


You could see Pikel, 2 lemures and a hound.

Vanquished Creatures
  Sigmund (D:4)
  A black bear (D:4)
  A lemure (D:5)
  A scorpion (D:4)
  A howler monkey (D:4)
  2 jellies
  A sleepcap (D:3)
  2 iguanas (D:4)
  An orc wizard (D:4)
  3 adders
  A white imp (D:5)
  An ufetubus (D:4)
  4 worms
  6 dart slugs
  4 orcs (D:4)
  10 ball pythons
  7 bats
  8 endoplasms
  2 giant cockroaches
  5 goblins
  10 hobgoblins
  9 jackals
  9 kobolds
  4 quokkas
  3 frilled lizards
  5 rats
102 creatures vanquished.

Notes
Turn   | Place    | Note
-------+----------+-------------------------------------------
     0 | D:1      | qw the Deep Elf Hunter began the quest for the Orb.
     0 | D:1      | Reached XP level 1. HP: 12/12 MP: 3/3
     0 | D:1      | 0 ||| qw: Version: 0.3-a-9-g12657ce
     0 | D:1      | 0 ||| qw: Game counter: 1688
     0 | D:1      | 0 ||| qw: Always use a shield: true
     0 | D:1      | 0 ||| qw: God list: Okawaru
     0 | D:1      | 0 ||| qw: Allow faded altars: false
     0 | D:1      | 0 ||| qw: Do Orc after D:15 true
     0 | D:1      | 0 ||| qw: Do second Lair branch before Depths: true
     0 | D:1      | 0 ||| qw: Lair rune preference: random
     0 | D:1      | 0 ||| qw: Plans: Normal
     0 | D:1      | 0 ||| PLANNING D:1-11
   141 | D:1      | Reached XP level 2. HP: 16/16 MP: 4/4
   145 | D:1      | Reached skill level 6 in Ranged Weapons
   366 | D:1      | Reached XP level 3. HP: 20/20 MP: 5/5
   687 | D:1      | You fall into a shaft and drop 1 floor!
   736 | D:2      | Found a faded altar of an unknown god.
   738 | D:2      | Noticed a shining eye
   738 | D:2      | Noticed a golden eye
   838 | D:2      | Reached skill level 7 in Ranged Weapons
   941 | D:2      | 941 ||| UPGRADING to +4 ring of slaying {mikee}.
   942 | D:2      | 942 ||| READING scroll labelled WUV SUSECKOWNU.
   943 | D:2      | 943 ||| READING 2 scrolls labelled MOTIAZ YPORAB.
   980 | D:2      | 980 ||| READING scroll labelled DYIPEM WIOWK.
   981 | D:2      | 981 ||| READING scroll labelled XOMEEDD YREAG.
   982 | D:2      | 982 ||| DRINKING 2 purple potions.
   983 | D:2      | 983 ||| DROPPING scroll of butterflies.
   984 | D:2      | 984 ||| DROPPING potion of invisibility.
   985 | D:2      | 985 ||| DROPPING scroll of torment.
   987 | D:2      | 987 ||| Stepping ~*~*~tactically~*~*~ (cloud).
   990 | D:2      | HP: 5/20 [poisoned by you (poison gas)]
   994 | D:2      | HP: 2/20 [poisoned by you (poison gas)]
  1083 | D:2      | 1083 ||| STAIRDANCE
  1440 | D:1      | 1440 ||| READING 4 scrolls labelled WAIRET HOODA.
  1441 | D:1      | 1441 ||| READING 3 scrolls of identify.
  1441 | D:1      | 1441 ||| IDENTIFYING smoky coppery potion
  1442 | D:1      | 1442 ||| READING 2 scrolls of identify.
  1442 | D:1      | 1442 ||| IDENTIFYING coppery potion
  1443 | D:1      | 1443 ||| DROPPING potion of magic.
  1444 | D:1      | 1444 ||| DROPPING potion of brilliance.
  1773 | D:2      | Reached XP level 4. HP: 25/25 MP: 6/6
  1849 | D:2      | Identified the +10 dagger "Nyjekhek" {heavy, rElec rF+ rN+}
  1908 | D:2      | Noticed an eye of devastation
  1912 | D:2      | Noticed a shining eye
  2404 | D:3      | Found Qyimaf's General Store.
  2413 | D:3      | 2413 ||| SHOPLISTING +10 arbalest "Odeami" {freeze, Int+5}
                  | (756 gold, have 119).
  2413 | D:3      | 2413 ||| BUYING scroll of identify (20 gold).
  2413 | D:3      | Bought a scroll of identify for 20 gold pieces
  2415 | D:3      | Found a transporter.
  2417 | D:3      | Found Lagokk's Antique Armour Emporium.
  2632 | D:3      | Found a transporter.
  2637 | D:3      | HP: 5/25 [sleepcap (16)]
  2644 | D:3      | Reached skill level 8 in Ranged Weapons
  2998 | D:3      | 2998 ||| UPGRADING to +0 ring mail.
  3008 | D:3      | 3008 ||| DROPPING +0 leather armour.
  3009 | D:3      | 3009 ||| UPGRADING to +0 helmet.
  3014 | D:3      | 3014 ||| READING scroll labelled MAYFUM FUFRUPS.
  3017 | D:3      | 3017 ||| READING 3 scrolls of identify.
  3017 | D:3      | 3017 ||| IDENTIFYING fizzy orange potion
  3018 | D:3      | 3018 ||| READING 2 scrolls of identify.
  3018 | D:3      | 3018 ||| IDENTIFYING yellow potion
  3121 | D:4      | Reached XP level 5. HP: 29/29 MP: 7/7
  3153 | D:4      | Noticed Sigmund
  3160 | D:4      | Killed Sigmund
  3161 | D:4      | Reached skill level 9 in Ranged Weapons
  3161 | D:4      | Reached XP level 6. HP: 34/34 MP: 8/8
  3363 | D:4      | Reached skill level 10 in Ranged Weapons
  3369 | D:4      | Reached skill level 3 in Dodging
  3453 | D:4      | Reached XP level 7. HP: 40/40 MP: 9/9
  3469 | D:4      | Reached skill level 1 in Armour
  4323 | D:4      | 4323 ||| UPGRADING to +1 scale mail of positive energy.
  4333 | D:4      | 4333 ||| DROPPING +0 ring mail.
  4334 | D:4      | 4334 ||| DRINKING 3 viscous green potions.
  4335 | D:4      | 4335 ||| DRINKING 2 metallic puce potions.
  4336 | D:4      | 4336 ||| DROPPING 2 potions of attraction.
  4407 | D:5      | Entered Level 5 of the Dungeon
  4433 | D:5      | Noticed Pikel
  4447 | D:5      | HP: 7/40 [Pikel/+2 whip of flaming (4)]
  4448 | D:5      | 4448 ||| READING scroll of teleportation.
  4448 | D:5      | Slain by a lemure

Levels and vault maps discovered:
D:1:      spicycebolla_arrival_risky_transporter, layout_basic,
          minmay_misc_feat_iff, corexii_hall_statues_i
D:2:      layout_basic, hellmonk_ecumenical_altar_watching_god,
          chequers_serial_rivers_micro_d
D:3:      layout_loops_corners, serial_shops, nicolae_shop_trees,
          nicolae_shop_drivethru, minmay_misc_feat_tower
D:4:      minmay_recursive_quarters, layout_loops_corners, grunt_ministairs_7,
          uniq_sigmund
D:5:      layout_basic, zin_scriptorium, mainiacjoe_overflow_catwalk_spiral,
          nemelex_dance_club_becter, kennysheep_nub, uniq_pikel, uniq_menkaure

Skill      XL: |  1  2  3  4  5  6  7 |
---------------+----------------------+-----
Ranged Weapons | 6 7 8 9 10 | 10.6
Fighting       | 2 |  2.2
Dodging        | 3 |  3.7
Armour         | 1 |  1.4
Stealth        | |  1.2

Action                     |  1- 3 |  4- 6 |  7- 9 || total
---------------------------+-------+-------+-------++-------
   Fire: Shortbow          |   140 |   101 |    86 ||   327
    Use: Scroll            |     7 |     3 |     1 ||    11
         Potion            |     1 |       |     2 ||     3
 Armour: Leather armour    |     7 |     1 |       ||     8
         Ring mail         |       |     6 |     9 ||    15
         Scale mail        |       |       |    16 ||    16
  Dodge: Dodged            |    28 |    29 |    23 ||    80

Table legend:
 A = Non-vault XP
 B = Vault XP
 C = Vault XP percentage of total XP
 D = Non-vault monster count
 E = Vault monster count
 F = Vault count percentage of total count
                 A         B        C        D         E       F
            +---------+---------+-------+---------+---------+-------
      Total |     476 |     474 |  49.9 |      89 |      12 |  11.9
            +---------+---------+-------+---------+---------+-------
        D:1 |      61 |       0 |   0.0 |      33 |       0 |   0.0
        D:2 |      38 |       0 |   0.0 |      20 |       0 |   0.0
        D:3 |      76 |       0 |   0.0 |      15 |       0 |   0.0
        D:4 |     235 |     474 |  66.9 |      18 |      12 |  40.0
        D:5 |      66 |       0 |   0.0 |       3 |       0 |   0.0
            +---------+---------+-------+---------+---------+-------
